 Adventure DCSS version bcrawl-1.32 (webtiles) character file.

Game seed: 7699942040329855087

406424 Leeroy the Skeletal Blade (level 15, -2/86 HPs)
             Began as a Skeleton Skald on Aug 3, 2021.
             Was an Initiate of Gozag.
             Slain by an iron troll (9 damage)
             ... on level 2 of the Depths.
             The game lasted 01:39:37 (28447 turns).

Leeroy the Skeletal Blade (Skeleton Skald)         Turns: 28447, Time: 01:39:37

Health: -2/86      AC: 22    Str: 22 (23) XL:     15   Next: 48%
Magic:  0/42       EV: 12    Int: 11 (12) God:    Gozag
Gold:   1097       SH:  6    Dex: 12 (13) Spells: 1/42 levels left
                                        Lives:  0   Deaths: 2

rFire    + + .     SeeInvis .   J - +9 triple sword (protect)
rCold    + . .     Gourm    .   (shield currently unavailable)
rNeg     + + +     Faith    .   u - +0 chain mail of Jigsaw {rElec Slay+3}
rPois    ∞         Spirit   +   x - +0 helmet of Xaoph {rElec rF+ rC+}
rElec    +         Reflect  .   s - +2 cloak
rCorr    .         Harm     .   m - +2 pair of gloves {archery}
MR       ++...                  K - +2 pair of boots
Stlth    ..........             S - amulet of magic regeneration
HPRegen  0.24/turn              W - ring of magical power
MPRegen  0.53/turn              y - ring "Gafet" {Fire rElec rN+ Str+4}

@: gold aura
A: no food or potions, cold resistance 1, deterioration 1, negative energy
resistance 3, powered by death 1, torment resistance, unbreathing, magic shield,
sturdy frame 2, spell healing
a: Potion Petition, Call Merchant, Bribe Branch, Renounce Religion


You were on level 2 of the Depths.
You worshipped Gozag.
Gozag was most pleased with you.
You were not hungry.

You visited 7 branches of the dungeon, and saw 26 of its levels.
You also visited: Sewer, Ice Cave and Wizlab.

You collected 9193 gold pieces.
You spent 7922 gold pieces at shops.
You paid 174 gold pieces to Gozag.

Inventory:

Hand Weapons
 F - a +3 triple sword of flaming
 J - a +9 triple sword of protection (weapon)
 X - a +0 demon blade of venom
Missiles
 G - 111 javelins of penetration {=f}
 H - 4 throwing nets {=f}
 Q - 439 poisoned tomahawks (quivered)
Armour
 m - a +2 pair of gloves of archery (worn)
 q - a +4 troll leather armour {Purgy}
 s - a +2 cloak (worn)
 u - the +0 chain mail of Jigsaw (worn) {rElec Slay+3}
   (You found it on level 2 of the Depths)

   It affects your accuracy and damage with ranged weapons and melee attacks
   (+3).
   It insulates you from electricity.
 x - the +0 helmet of Xaoph (worn) {rElec rF+ rC+}
   (You found it on level 1 of the Lair of Beasts)

   It protects you from fire.
   It protects you from cold.
   It insulates you from electricity.
 D - the cursed +0 ring mail of the New World {rCorr}
   (You found it on level 3 of the Lair of Beasts)

   It provides partial protection from all sources of acid and corrosion.
   It has a curse placed upon it.
 K - a +2 pair of boots (worn)
 M - the +1 chain mail of Reinnodd {Str+2 Dex-5 Stlth+}
   (You bought it in a shop on level 9 of the Dungeon)

   It affects your strength (+2).
   It affects your dexterity (-5).
   It makes you more stealthy.
 O - a +2 buckler of reflection
 T - a cursed +0 ring mail
Magical Staves
 a - an uncursed staff of cold
 h - an uncursed staff of death {unknown}
Jewellery
 r - an uncursed ring of wizardry
 v - an uncursed amulet of the acrobat
 y - the ring "Gafet" (right hand) {Fire rElec rN+ Str+4}
   (You found it in an ice cave)

   [ring of fire]

   It enhances your fire magic.
   It affects your strength (+4).
   It protects you from fire.
   It makes you vulnerable to cold.
   It insulates you from electricity.
   It protects you from negative energy.
 B - the cursed ring "Jisann" {Ice +Fly}
   (You took it off Fannar in the Orcish Mines)

   [ring of ice]

   It enhances your ice magic.
   It makes you vulnerable to fire.
   It protects you from cold.
   It lets you fly.
   It has a curse placed upon it.
 N - the amulet of Catting {Faith rC+}
   (You found it in a wizard's laboratory)

   [amulet of faith]

   It allows you to gain divine favour quickly.
   It protects you from cold.
 P - an uncursed ring of stealth {unknown}
 S - an amulet of magic regeneration (around neck)
 V - an uncursed ring of protection from cold
 W - a ring of magical power (left hand)
Wands
 b - a wand of digging (5)
 f - a wand of clouds (6)
 j - a wand of flame (39)
 k - a wand of scattershot (5)
 l - a wand of iceblast (12)
 p - a wand of enslavement (12)
 C - a wand of paralysis (12)
 E - a wand of acid (15)
 L - a wand of disintegration (26)
 R - a wand of random effects (24)
Scrolls
 c - 7 scrolls of teleportation
 d - 3 scrolls of fear
 e - 6 scrolls of amnesia
 g - 9 scrolls of remove curse
 i - 2 scrolls of identify
 n - 4 scrolls of magic mapping
 t - 2 scrolls of silence
 w - 3 scrolls of summoning
 z - 2 scrolls of blinking
 A - a scroll of torment
 U - a scroll of brand weapon
Miscellaneous
 o - a lamp of fire
 I - a phial of floods
 Y - 2 boxes of beasts
 Z - a fan of gales (2/2)


   Skills:
 - Level 7.3 Fighting
 + Level 24.2 Long Blades
 - Level 9.0 Armour
 - Level 6.3 Dodging
 - Level 14.0 Spellcasting
 - Level 12.0 Conjurations
 - Level 0.1 Hexes
 - Level 3.2 Charms
 - Level 14.0 Ice Magic


You had one spell level left.
You knew the following spells:

 Your Spells              Type           Power        Failure   Level  Hunger
a - Bolt of Cold          Conj/Ice       #####.....   17%         6    N/A
b - Song of Slaying       Chrm           ##......     9%          2    N/A
c - Swiftness             Chrm/Air       ##......     19%         2    N/A
d - Spectral Weapon       Hex/Chrm       ##......     34%         3    N/A
e - Iron Shot             Conj/Erth      ###.......   96%         6    N/A
f - Orb of Destruction    Conj           ####......   80%         7    N/A
g - Metabolic Englaciati  Hex/Ice        ###.......   34%         5    N/A
h - Lee's Rapid Deconstr  Erth           #.........   99%         5    N/A
j - Bolt of Magma         Conj/Fire/Erth ###.......   77%         5    N/A

Your spell library contained the following spells:

 Spells                   Type           Power        Failure   Level  Hunger
 Freeze                   Ice            #####.       1%          1    N/A
 Infusion                 Chrm           ##......     6%          1    N/A
 Apportation              Tloc           #.....       22%         1    N/A
 Pain                     Necr           #.....       22%         1    N/A
 Sandblast                Erth           #.....       22%         1    N/A
 Summon Butterflies       Summ           #.......     22%         1    N/A
 Throw Frost              Conj/Ice       #####.       1%          2    N/A
 Ozocubu's Armour         Chrm/Ice       ####....     1%          3    N/A
 Throw Icicle             Conj/Ice       #####...     1%          4    N/A
 Dazzling Orbs            Conj/Hex       ###....      5%          3    N/A
 Stone Arrow              Conj/Erth      ###...       6%          3    N/A
 Summon Ice Beast         Ice/Summ       ###.....     13%         4    N/A
 Flaming Arrows           Chrm/Fire      ###.....     19%         2    N/A
 Fulminant Prism          Conj/Hex       ###.......   19%         4    N/A
 Call Imp                 Summ           #.....       34%         2    N/A
 Passwall                 Tmut/Erth      #.......     34%         2    N/A
 Sticks to Snakes         Tmut           #.......     34%         2    N/A
 Bolt of Draining         Conj/Necr      ###.......   47%         5    N/A
 Irradiate                Conj/Tmut      ###.......   47%         5    N/A
 Confuse                  Hex            #.......     54%         3    N/A
 Tukima's Dance           Hex            #.......     54%         3    N/A
 Beckoning                Tloc           #.........   56%         3    N/A
 False Image              Hex/Summ       #.......     56%         3    N/A
 Icicle Burst             Conj/Ice       #####.....   67%         7    N/A
 Simulacrum               Ice/Necr       ###.......   89%         6    N/A
 Petrify                  Tmut/Erth      #.........   92%         4    N/A
 Yara's Violent Unravell  Hex/Tmut       #.........   92%         4    N/A
 Poison Arrow             Conj/Pois      ###.......   96%         6    N/A
 Aura of Abjuration       Summ           #.........   99%         5    N/A
 Summon Forest            Summ/Tloc      #.........   99%         5    N/A
 Invisibility             Hex            #.......     100%        6    N/A
 Mana Rupture             Conj/Hex       ###.......   100%        7    N/A
 Spellforged Servitor     Conj/Summ      ###.......   100%        7    N/A
 Chain Lightning          Conj/Air       ###.......   100%        8    N/A
 Glaciate                 Conj/Ice/Air   ####......   100%        8    N/A
 Lehudib's Crystal Spear  Conj/Erth      ###.......   100%        8    N/A
 Dragon's Call            Summ           #.........   100%        9    N/A
 Fire Storm               Conj/Fire      ####......   100%        9    N/A
 Beastly Appendage        Tmut           Unusable     N/A         1    N/A
 Ice Form                 Ice/Tmut       Unusable     N/A         4    N/A
 Regeneration             Chrm/Necr      Unusable     N/A         3    N/A
 Tree Form                Hex/Tmut       Unusable     N/A         4    N/A
 Blade Hands              Tmut           Unusable     N/A         5    N/A
 Statue Form              Tmut/Erth      Unusable     N/A         6    N/A
 Dragon Form              Tmut           Unusable     N/A         7    N/A
 Necromutation            Tmut/Necr      Unusable     N/A         8    N/A

Dungeon Overview and Level Annotations

Branches:
Dungeon (12/12)            Temple (1/1) D:6            Lair (6/6) D:9
  Snake (2/3) Lair:4        Slime (0/5) Lair:6          Orc (1/1) D:8
    Elf (2/3) Orc          Vaults (0/3) D:12         Depths (2/5) D:12
  Swamp: Lair:2-4    Shoals: Lair:2-4

Altars:
Ashenzari
Cheibriados
Dithmenos
Elyvilon
Fedhas
Gozag
Hepliaklqana
Kikubaaqudgha
Lugonu
Makhleb
Nemelex Xobeh
Okawaru
Qazlal
Ru
Sif Muna
Trog
Uskayaw
Vehumet
Wu Jian
Xom
Yredelemnul
Zin
The Shining One
Jiyva

Shops:
D:4 :   D:8 ?   D:9 [:?   D:11 ![*   Orc ::!::   Elf:1 =}}?[?*=   Snake:1 (

Portals:
Hell: Depths:1 Depths:2
Abyss: Depths:1

Annotations:
D:3 exclusion: oklob plant
Lair:2 Urug
Depths:1 Louise


Innate Abilities, Weirdness & Mutations

You do not eat or drink.
You are immune to poison.
Your flesh is cold resistant. (rC+)
Your body sometimes deteriorates upon taking damage.
You are immune to negative energy. (rN+++)
You regenerate a little health from kills.
You are immune to unholy pain and torment.
You can survive without breathing.
When hurt, damage is shared between your health and your magic reserves.
Your movements are less encumbered by armour. (ER -4)
Casting spells heals you.


Message History

Aim: an iron troll (poisoned)
You throw a poisoned tomahawk.
The poisoned tomahawk hits the iron troll but does no damage.
The black bear barely misses your spectral weapon.
The black bear claws your spectral weapon.
Your spectral weapon shares its damage with you!
* * * LOW HITPOINT WARNING * * *
The black bear claws your spectral weapon.
Your spectral weapon shares its damage with you!
* * * LOW HITPOINT WARNING * * *
The black bear changes into an acid dragon!
You barely miss the acid dragon.
Your spectral weapon hits the acid dragon!!
The iron troll bites you!
* * * LOW HITPOINT WARNING * * *
The iron troll claws you!
* * * LOW HITPOINT WARNING * * *
The iron troll claws you!!
You die...
Your body crumbles into a pile of gold.

#....÷.(....# #####.......# .
##......# .. #...^..# ...
#......# .h..
###......#######.........
####......###...#..####....#####
...#......#.....D#....#....#...#
...#......#....(@#....#....#...#
...#......#.....T#....#....#..##
...'......#<..........#....#..##
####......###.##.#....#....#...#
##...)..###.#...##....#....#...#
.#......'.......'.....#....'...#
.#......#.......#.....'....#...#
##......####.#######+##....#..###
#######..................#####...


You could see an iron troll, an acid dragon shaped shifter and a friendly
spectral +9 triple sword of protection.

Vanquished Creatures
  Gastronok (Lair:1)
  A sphinx (Lair:4)
  A tengu reaver (Depths:2)
  A balrug (Depths:2)
  A fire giant (Depths:1)
  A deep elf sorcerer (Elf:1)
  A stone giant (Depths:2)
  6 very ugly things
  2 deep elf demonologists
  A deep elf annihilator (Elf:2)
  2 jiangshi (Depths:2)
  2 fire dragons (Depths:1)
  A yaktaur captain (Depths:2)
  Harold (Lair:3)
  A naga warrior (Snake:1)
  Fannar (Orc)
  A rakshasa (D:11)
  5 ice dragons
  5 hydras
  A great orb of eyes (Depths:2)
  A spriggan air mage (Depths:2)
  Psyche (D:12)
  3 ogre magi
  2 centaur warriors (D:12)
  A catoblepas (Lair:5)
  11 two-headed ogres
  2 tengu warriors
  5 orc high priests
  3 death yaks (Lair:2)
  2 deep troll shamans (Depths:2)
  3 deep troll earth magi
  A naga sharpshooter (Snake:1)
  A shock serpent (Snake:1)
  2 sun demons (Depths:2)
  8 deep trolls
  A spriggan berserker (Depths:2)
  6 deep elf knights
  An iron golem (WizLab)
  A fire crab (shapeshifter) (WizLab)
  An unseen horror (D:12)
  A glowing orange brain (shapeshifter) (WizLab)
  3 cyclopes
  2 wizards
  2 harpies (shapeshifter) (WizLab)
  A deep elf archer (Elf:1)
  4 anaconda skeletons (Lair:4)
  A mana viper (Snake:1)
  2 stone giant zombies (Depths:2)
  A necromancer (Depths:2)
  24 deep elf magi
  4 wolf spiders
  10 ugly things
  An orc sorcerer (Orc)
  A manticore (D:12)
  4 elephants (Lair:5)
  A centaur zombie (D:10)
  10 black mambas
  Joseph (D:7)
  3 naga magi
  3 ice statues (IceCv)
  16 cane toads
  A cane toad (shapeshifter) (WizLab)
  2 komodo dragons (shapeshifter) (WizLab)
  2 rime drakes (shapeshifter) (WizLab)
  4 rime drakes
  2 centaur skeletons
  A tengu conjurer (Depths:1)
  5 yaktaurs (Depths:2)
  An efreet (D:10)
  4 komodo dragons
  A freezing wraith (D:12)
  A jumping spider (shapeshifter) (WizLab)
  A meliai (shapeshifter) (WizLab)
  A hornet (shapeshifter) (WizLab)
  2 polar bears (shapeshifter)
  A polar bear (Lair:5)
  3 trolls
  A troll (shapeshifter) (WizLab)
  5 hornets
  Grinder (D:5)
  6 hippogriffs
  8 slime creatures
  A dream sheep (shapeshifter) (WizLab)
  2 hippogriffs (shapeshifter) (WizLab)
  Prince Ribbit (D:8)
  13 blink frogs
  5 large abominations (WizLab)
  A redback (Lair:6)
  An air elemental (Elf:2)
  2 vampires
  3 water elementals
  13 spriggans
  A fire bat (Depths:1)
  A spriggan (shapeshifter) (WizLab)
  12 wyverns
  A hog (shapeshifter) (WizLab)
  3 basilisks
  44 yaks
  A hungry ghost (D:11)
  A warg (D:8)
  9 nagas (Snake:1)
  An acid dragon (D:11)
  9 crocodiles
  4 floating eyes (WizLab)
  13 water moccasins
  17 orc warriors
  11 porcupines
  6 ice beasts (IceCv)
  A soldier ant (D:11)
  Purgy (Sewer)
  2 black bears
  4 sky beasts
  A soldier ant (shapeshifter) (WizLab)
  An ogre (shapeshifter) (WizLab)
  5 phantoms
  8 boggarts
  2 eyes of draining (D:11)
  11 ogres
  7 centaurs
  8 bullfrogs
  5 big kobolds
  Blork the orc (D:5)
  6 small abominations (WizLab)
  4 scorpions
  4 killer bees
  7 wights
  2 electric eels (Lair:2)
  6 howler monkeys
  4 crimson imps
  A bullfrog zombie (D:7)
  6 hounds
  29 orc priests
  2 jellies
  A bullfrog skeleton (D:4)
  3 worker ants
  An iguana (D:6)
  19 orc wizards
  4 gnolls (D:6)
  8 adders
  A shadow imp (D:4)
  12 white imps (Lair:5)
  An ooze (D:3)
  7 worms
  4 dart slugs
  4 leopard geckos
  45 orcs
  11 bats
  4 giant cockroaches
  11 goblins
  7 hobgoblins
  14 jackals
  2 quokkas (D:5)
  7 frilled lizards
  A jackal skeleton (D:5)
  35 kobolds
  A quokka zombie (D:5)
  6 rats
  A plant (Lair:6)
754 creatures vanquished.

Vanquished Creatures (collateral kills)
  Aizul (Snake:1)
  A spark wasp (Depths:1)
  A salamander mystic (Depths:1)
  2 salamanders
  A guardian serpent (Snake:1)
  A naga (Snake:1)
7 creatures vanquished.

Vanquished Creatures (others)
  A frost giant (D:11)
  8 dancing weapons
  An unseen horror (D:12)
  5 dream sheep (Lair:1)
  11 fungi
  20 plants
  44 spectral weapons
90 creatures vanquished.

Grand Total: 851 creatures vanquished

Notes
Turn   | Place    | Note
-------+----------+-------------------------------------------
     0 | D:1      | Leeroy the Skeleton Skald began the quest for the Orb.
     0 | D:1      | Reached XP level 1. HP: 12/12 MP: 4/4
    42 | D:1      | Reached skill level 3 in Long Blades
    65 | D:1      | Reached XP level 2. HP: 8/17 MP: 3/6
   530 | D:1      | Reached skill level 4 in Long Blades
   594 | D:1      | Reached XP level 3. HP: 18/21 MP: 4/7
  1077 | D:2      | Learned a level 2 spell: Song of Slaying
  1080 | D:2      | Learned a level 2 spell: Swiftness
  1084 | D:2      | Learned a level 3 spell: Spectral Weapon
  1236 | D:2      | Reached skill level 5 in Long Blades
  1289 | D:2      | Reached XP level 4. HP: 10/26 MP: 2/8
  1911 | D:3      | Reached skill level 6 in Long Blades
  2007 | D:3      | Found a glowing drain.
  2017 | Sewer    | Entered a sewer
  2029 | Sewer    | Noticed Purgy
  2037 | Sewer    | Killed Purgy
  2038 | Sewer    | Reached skill level 7 in Long Blades
  2038 | Sewer    | Reached XP level 5. HP: 24/30 MP: 5/9
  2495 | D:3      | Gained mutation: You regenerate a little health from kills.
                  | [Skeleton growth]
  2495 | D:3      | Reached XP level 6. HP: 35/35 MP: 8/10
  2527 | D:3      | Reached skill level 8 in Long Blades
  2907 | D:3      | Found a blossoming altar of Fedhas.
  2920 | D:3      | Noticed an oklob plant
  3139 | D:4      | Found Boxeil's Book Shop.
  3140 | D:4      | Found a sacrificial altar of Ru.
  3143 | D:4      | Noticed a sky beast
  3147 | D:4      | Found a glowing silver altar of Zin.
  3159 | D:4      | Killed a sky beast
  3160 | D:4      | Reached skill level 9 in Long Blades
  3160 | D:4      | Reached XP level 7. HP: 32/40 MP: 6/11
  3270 | D:4      | Found a hide-covered altar of Uskayaw.
  3298 | D:4      | Found a shadowy altar of Dithmenos.
  3311 | D:4      | Found a white marble altar of Elyvilon.
  3330 | D:4      | Found a shimmering blue altar of Sif Muna.
  3993 | D:5      | Entered Level 5 of the Dungeon
  4021 | D:5      | Found an ancient bone altar of Kikubaaqudgha.
  4064 | D:5      | Reached skill level 10 in Long Blades
  4228 | D:5      | Noticed Blork the orc
  4243 | D:5      | Killed Blork the orc
  4351 | D:5      | Reached skill level 11 in Long Blades
  4501 | D:5      | Found a snail-covered altar of Cheibriados.
  4531 | D:5      | Found a bloodstained altar of Trog.
  4713 | D:5      | Noticed Grinder
  4719 | D:5      | Paralysed by Grinder for 4 turns
  4727 | D:5      | Killed Grinder
  4728 | D:5      | Reached XP level 8. HP: 44/44 MP: 9/12
  4781 | D:5      | Found a hazy altar of Hepliaklqana.
  4981 | D:6      | Found a corrupted altar of Lugonu.
  4997 | D:6      | Reached skill level 12 in Long Blades
  5684 | D:6      | Found a staircase to the Ecumenical Temple.
  5693 | Temple   | Entered the Ecumenical Temple
  5994 | Temple   | Became a worshipper of Gozag Ym Sagoz the Greedy
  6475 | D:6      | Reached skill level 13 in Long Blades
  6860 | D:7      | Noticed a hippogriff
  6869 | D:7      | Killed a hippogriff
  6870 | D:7      | Reached XP level 9. HP: 29/48 MP: 3/13
  6921 | D:7      | Reached skill level 14 in Long Blades
  7011 | D:7      | Noticed Joseph
  7269 | D:7      | Found an ornate altar of the Wu Jian Council.
  7553 | D:7      | Reached skill level 15 in Long Blades
  7676 | D:7      | Killed Joseph
  7782 | D:8      | Noticed Prince Ribbit
  7989 | D:8      | Reached skill level 16 in Long Blades
  7989 | D:8      | Found a staircase to the Orcish Mines.
  7997 | D:8      | Killed Prince Ribbit
  7998 | D:8      | Gained mutation: Your movements are less encumbered by
                  | armour. (ER -4) [Skeleton growth]
  7998 | D:8      | Reached XP level 10. HP: 29/53 MP: 2/14
  8226 | D:8      | Learned a level 3 spell: Dazzling Orbs
  8291 | D:8      | Found Inocugosh's Magic Scroll Boutique.
  8300 | D:8      | Bought a scroll of acquirement for 728 gold pieces
  8503 | D:8      | Found a shimmering altar of Xom.
  8753 | D:9      | Found Teozies's Antique Armour Boutique.
  8762 | D:9      | Bought a shimmering chain mail for 313 gold pieces
  8772 | D:9      | Identified the +1 chain mail of Reinnodd {Str+2 Dex-5
                  | Stlth+} (You bought it in a shop on level 9 of the Dungeon)
  8827 | D:9      | Noticed a two-headed ogre
  8834 | D:9      | Killed a two-headed ogre
  8835 | D:9      | Reached skill level 17 in Long Blades
  8873 | D:9      | Found Agaug's Book Shop.
  8876 | D:9      | Found Wodae's Magic Scroll Shop.
  9233 | D:10     | Entered Level 10 of the Dungeon
  9660 | D:10     | Reached skill level 5 in Armour
 10124 | D:9      | Found a staircase to the Lair.
 10541 | D:10     | Reached XP level 11. HP: 21/57 MP: 1/15
 11320 | D:7      | Reached skill level 5 in Dodging
 11733 | Orc      | Entered the Orcish Mines
 11739 | Orc      | Identified the cursed ring "Jisann" {Ice +Fly}
 11739 | Orc      | Noticed Fannar
 11742 | Orc      | Noticed an orc high priest
 11743 | Orc      | Noticed an orc high priest
 11905 | D:11     | Noticed a tengu warrior
 12079 | D:11     | Found Ozavvuam's Distillery.
 12124 | D:11     | Noticed a two-headed ogre
 12272 | D:11     | Noticed a wolf spider
 12276 | D:11     | Reached skill level 5 in Spellcasting
 12280 | D:10     | Killed a wolf spider
 12305 | D:11     | Noticed a cyclops
 12491 | Lair:1   | Entered Level 1 of the Lair of Beasts
 12553 | Lair:1   | Noticed a six-headed hydra
 12565 | Lair:1   | Killed a one-headed hydra
 12641 | Lair:1   | Noticed Gastronok
 12806 | Lair:1   | Got a bloodstained helmet
 12826 | Lair:1   | Identified the cursed +0 helmet of Xaoph {rElec rF+ rC+}
                  | (You found it on level 1 of the Lair of Beasts)
 13035 | Lair:1   | Reached skill level 10 in Spellcasting
 13187 | Lair:1   | Killed Gastronok
 13188 | Lair:1   | Reached XP level 12. HP: 59/71 MP: 18/26
 13282 | Lair:1   | Found a shimmering altar of Xom.
 13621 | Lair:2   | Noticed Urug
 13628 | Lair:2   | Noticed a death yak
 13657 | Lair:2   | Killed a death yak
 13684 | Lair:2   | Learned a level 6 spell: Iron Shot
 13788 | Lair:2   | Learned a level 7 spell: Orb of Destruction
 13899 | Lair:3   | Reached skill level 18 in Long Blades
 13947 | Lair:3   | Got a distressingly furry ring mail
 13948 | Lair:3   | Identified the cursed +0 ring mail of the New World {rCorr}
                  | (You found it on level 3 of the Lair of Beasts)
 14024 | Lair:3   | Got a coiled copper amulet
 14124 | Lair:3   | Noticed Harold
 14139 | Lair:3   | Killed Harold
 14194 | Lair:3   | Noticed a four-headed hydra
 14209 | Lair:3   | Killed a one-headed hydra
 14847 | Lair:4   | Reached skill level 19 in Long Blades
 14940 | Lair:4   | Found a staircase to the Snake Pit.
 14940 | Lair:4   | Noticed a sphinx
 14949 | Lair:4   | Killed a sphinx
 14994 | Lair:4   | Reached XP level 13. HP: 48/76 MP: 21/27
 15799 | Lair:5   | Reached skill level 20 in Long Blades
 16268 | Lair:5   | Reached skill level 21 in Long Blades
 16444 | Lair:5   | Found a frozen archway.
 16471 | IceCv    | Entered an ice cave
 16776 | IceCv    | Identified the amulet "Junuw" {Inacc MR+} (You found it on
                  | level 3 of the Lair of Beasts)
 16789 | IceCv    | Got a coiled ivory ring
 16794 | IceCv    | Identified the cursed ring "Gafet" {Fire rElec rN+ Str+4}
                  | (You found it in an ice cave)
 17419 | Lair:6   | Entered Level 6 of the Lair of Beasts
 17473 | Lair:5   | Reached skill level 22 in Long Blades
 17671 | Lair:6   | Found a staircase to the Slime Pits.
 17671 | Lair:6   | Found a viscous altar of Jiyva.
 17676 | Lair:6   | Reached XP level 14. HP: 37/82 MP: 17/28
 18493 | Snake:1  | Entered Level 1 of the Snake Pit
 18512 | Snake:1  | Noticed Aizul
 18523 | Snake:1  | Killed Aizul
 18524 | Snake:1  | Reached skill level 23 in Long Blades
 18978 | Snake:1  | Found Ecsa's Weapon Shop.
 19038 | Snake:1  | Learned a level 5 spell: Metabolic Englaciation
 19922 | D:8      | Bought a scroll of acquirement for 728 gold pieces
 19922 | D:8      | Bought a scroll of enchant weapon for 105 gold pieces
 19922 | D:8      | Bought a scroll of blinking for 105 gold pieces
 19924 | D:8      | Identified the +0 pair of boots "Jigi" {*Corrode +Fly rElec
                  | Str-3} (You acquired it on level 8 of the Dungeon)
 19934 | D:8      | Bought a scroll of silence for 105 gold pieces
 19978 | D:9      | Bought a book of Frost for 455 gold pieces
 19978 | D:9      | Bought a book of Geomancy for 455 gold pieces
 19984 | D:9      | Bought a scroll of brand weapon for 270 gold pieces
 20302 | D:11     | Reached skill level 24 in Long Blades
 20319 | D:11     | Learned a level 5 spell: Lee's Rapid Deconstruction
 20365 | D:11     | Reached skill level 1 in Ice Magic
 20382 | D:11     | Found Xauly's Assorted Antiques.
 20382 | D:11     | Found Osimaleb's Armour Shoppe.
 20878 | D:11     | Bought a +0 pair of gloves of archery for 126 gold pieces
 20896 | D:12     | Entered Level 12 of the Dungeon
 20896 | D:12     | Noticed a frost giant
 20906 | D:11     | Killed a frost giant
 21070 | D:12     | Found a staircase to the Depths.
 21125 | D:12     | Learned a level 4 spell: Throw Icicle
 21147 | D:12     | Reached XP level 15. HP: 86/86 MP: 29/31
 21265 | D:12     | Noticed Psyche
 21329 | D:12     | Killed Psyche
 21557 | D:12     | Found a gate to the Vaults.
 21845 | Depths:1 | Entered Level 1 of the Depths
 22343 | Orc      | Reached skill level 5 in Ice Magic
 22358 | Orc      | Found a staircase to the Elven Halls.
 22395 | Orc      | Found Buwumeof's Book Emporium.
 22395 | Orc      | Found Haregic's Distillery.
 22407 | Orc      | Found Kenuatipn's Book Emporium.
 22408 | Orc      | Found Qeockila's Book Shoppe.
 22421 | Orc      | Bought the Disquisition on Burning Snow for 1080 gold
                  | pieces
 22442 | Orc      | Bought a book of Annihilations for 1656 gold pieces
 22508 | Orc      | Killed Fannar
 22582 | Orc      | Found Doro Lato's Book Boutique.
 23217 | Orc      | Learned a level 5 spell: Bolt of Magma
 23251 | Elf:1    | Entered Level 1 of the Elven Halls
 23272 | Elf:1    | Reached skill level 1 in Conjurations
 23305 | Elf:1    | Noticed a deep elf sorcerer
 23324 | Elf:1    | Killed a deep elf sorcerer
 23333 | Elf:1    | Reached skill level 5 in Conjurations
 23393 | Elf:1    | Found a magical portal.
 23402 | WizLab   | Entered Cigotuvi's Fleshworks
 24131 | WizLab   | Learned a level 6 spell: Bolt of Cold
 24216 | WizLab   | Paralysed by a floating eye for 4 turns
 24225 | WizLab   | Paralysed by a floating eye for 2 turns
 24260 | WizLab   | Paralysed by a floating eye for 2 turns
 24272 | WizLab   | Paralysed by a floating eye for 3 turns
 24334 | WizLab   | Got a flickering ruby amulet
 24336 | WizLab   | Identified the amulet of Catting {Faith rC+} (You found it
                  | in a wizard's laboratory)
 24529 | WizLab   | Identified Cigotuvi's Catalogue of Lethal Transmigration
 24532 | WizLab   | Identified Tanoequc's Reference Book on Shape Shifting
 24827 | WizLab   | Noticed Cigotuvi's Monster
 24883 | WizLab   | HP: 1/86 [Cigotuvi's Monster (14)]
 24884 | WizLab   | Slain by Cigotuvi's Monster
 24885 | WizLab   | Reached XP level 14. HP: -5/82 MP: 0/41
 25075 | Elf:1    | Found Jeulanoz's Jewellery Boutique.
 25075 | Elf:1    | Found Faucuest's Gadget Shoppe.
 25077 | Elf:1    | Found Woytezag's Gadget Shoppe.
 25612 | Elf:1    | Reached skill level 10 in Conjurations
 25620 | Elf:1    | Reached XP level 15. HP: 81/86 MP: 31/33
 25821 | Elf:1    | Found Ekiad's Magic Scroll Boutique.
 25829 | Elf:1    | Bought a scroll of acquirement for 988 gold pieces
 25829 | Elf:1    | Bought a scroll of fog for 38 gold pieces
 25829 | Elf:1    | Bought 3 scrolls of teleportation for 171 gold pieces
 25831 | Elf:1    | Identified the ring "Dimah" {+Fly rPois Int+4 Dex-4} (You
                  | acquired it on level 1 of the Elven Halls)
 25831 | Elf:1    | Identified the Disquisition on Creation and the Snowflakes
                  | (You acquired it on level 1 of the Elven Halls)
 25870 | Elf:1    | Found Vytude Lydgh's Antique Armour Boutique.
 25877 | Elf:1    | Found Fysenoup's Assorted Antiques.
 25877 | Elf:1    | Found Vaerphoedgh's Jewellery Shop.
 25914 | Elf:1    | Bought an uncursed ring of wizardry for 345 gold pieces
 25950 | Elf:1    | Found Zoleng's Magic Scroll Boutique.
 25958 | Elf:1    | Bought a scroll of enchant armour for 127 gold pieces
 25958 | Elf:1    | Bought a scroll of enchant weapon for 127 gold pieces
 26624 | Elf:2    | Shot with an arrow by a ghostly deep elf archer
 26625 | Elf:2    | Reached XP level 14. HP: -9/81 MP: 0/41
 27062 | Depths:1 | Found a gateway to Hell.
 27109 | Depths:1 | Noticed a purple very ugly thing
 27116 | Depths:1 | Noticed a red very ugly thing
 27117 | Depths:1 | Found a one-way gate to the infinite horrors of the Abyss.
 27159 | Depths:1 | Noticed a fire giant
 27179 | Depths:1 | Killed a fire giant
 27267 | Depths:2 | Noticed a stone giant
 27283 | Depths:2 | Killed a stone giant
 27337 | Depths:2 | Reached skill level 10 in Ice Magic
 27435 | Depths:2 | Noticed a tengu reaver
 27449 | Depths:2 | Killed a tengu reaver
 27489 | Depths:2 | Noticed a red very ugly thing
 27489 | Depths:2 | Noticed a red very ugly thing
 27628 | Depths:2 | Noticed a red very ugly thing
 27633 | Depths:2 | Killed a red very ugly thing
 27634 | Depths:2 | Reached XP level 15. HP: 86/86 MP: 28/33
 27991 | Depths:2 | Noticed a sphinx
 27994 | Depths:2 | Noticed a frost giant
 28096 | Depths:2 | Noticed a balrug
 28102 | Depths:2 | Killed a balrug
 28124 | Depths:2 | Got a steaming chain mail
 28135 | Depths:2 | Identified the cursed +0 chain mail of Jigsaw {rElec
                  | Slay+3} (You found it on level 2 of the Depths)
 28377 | Depths:1 | Noticed Louise
 28447 | Depths:2 | Slain by an iron troll

Skill      XL: |  1  2  3  4  5  6  7  8  9 10 11 12 13 14 15 |
---------------+----------------------------------------------+-----
Long Blades    | 3 4 5 7 9 11 13 16 17 19 22 24 | 24.2
Armour         | 5 9 7 |  9.0
Dodging        | 4 6 |  6.3
Spellcasting   | 10 12 14 | 14.0
Fighting       | 6 7 |  7.3
Ice Magic      | 12 14 | 14.0
Conjurations   | 10 12 | 12.0
Hexes          | |  0.1
Charms         | |  3.2

Action                   |  1- 3 |  4- 6 |  7- 9 | 10-12 | 13-15 || total
-------------------------+-------+-------+-------+-------+-------++-------
Melee: Long sword        |   113 |   159 |   185 |       |       ||   457
       Great sword       |       |       |   151 |     8 |       ||   159
       Triple sword      |       |       |       |   363 |  1130 ||  1493
       Scimitar          |       |       |       |    11 |   132 ||   143
Throw: Tomahawk          |       |       |       |     2 |    14 ||    16
 Cast: Song of Slaying   |     1 |     3 |     5 |     6 |     8 ||    23
       Infusion          |     1 |       |       |       |       ||     1
       Spectral Weapon   |       |     3 |    12 |    24 |   130 ||   169
       Swiftness         |       |       |     1 |     1 |     1 ||     3
       Bolt of Cold      |       |       |       |       |    17 ||    17
Invok: Potion Petition   |       |       |       |       |     1 ||     1
Evoke: Wand              |       |       |       |     1 |     3 ||     4
  Use: Scroll            |       |       |     9 |     9 |    32 ||    50
 Stab: Sleeping          |       |     1 |       |       |     1 ||     2
       Distracted        |       |       |       |     4 |    16 ||    20
Armor: Leather armour    |    33 |    13 |       |       |       ||    46
       Troll leather arm |       |    33 |    92 |    73 |   485 ||   683
       Chain mail        |       |       |       |   103 |    27 ||   130
Dodge: Dodged            |    68 |    94 |   170 |   162 |   666 ||  1160
Block: Other             |     1 |     7 |    61 |    70 |   295 ||   434
